 Dungeon Crawl Stone Soup version 0.24.0-37-gcf1ca852f1 (webtiles) character file.

Game seed: 14567198938107978472, levelgen mode: deterministic

6092 Kobolds4U the Slicer (level 10, 0/58 HPs)
             Began as a Deep Elf Conjurer on Dec 3, 2019.
             Was a Priest of Vehumet.
             Slain by a killer bee (3 damage)
             ... on level 10 of the Dungeon.
             The game lasted 00:38:35 (12057 turns).

Kobolds4U the Slicer (Deep Elf Conjurer)           Turns: 12057, Time: 00:38:35

Health: 0/58       AC:  9    Str: 12    XL:     10   Next: 58%
Magic:  8/22       EV: 17    Int: 21    God:    Vehumet [***...]
Gold:   457        SH:  0    Dex: 16    Spells: 1/23 levels left

rFire    + . .     SeeInvis .   b - +0 rapier
rCold    . . .     Gourm    .   (no shield)
rNeg     . . .     Faith    .   l - +2 robe {MR+}
rPois    .         Spirit   .   o - +0 helmet
rElec    .         Reflect  .   i - +2 cloak
rCorr    .         Harm     .   z - +0 pair of gloves
MR       ++...                  (no boots)
Stlth    ++........             (no amulet)
HPRegen  0.19/turn              t - ring of protection from fire
MPRegen  0.18/turn              v - +5 ring of strength

@: slowed, very slow
A: no striking features
a: Renounce Religion


You were on level 10 of the Dungeon.
You worshipped Vehumet.
Vehumet was most pleased with you.
You were not hungry.

You visited 1 branch of the dungeon, and saw 10 of its levels.
You also visited: Ossuary.

You collected 457 gold pieces.

Inventory:

Hand Weapons
 b - a +0 rapier (weapon)
 r - a +0 shortbow
 A - a +0 dagger of protection
Missiles
 q - 3 boomerangs (quivered)
 s - 135 arrows
Armour
 i - a +2 cloak (worn)
 l - a +2 robe of magic resistance (worn)
 o - a +0 helmet (worn)
 z - a +0 pair of gloves (worn)
 P - a scarf of cloud immunity
 R - the +0 leather armour "Jirer" {MR++ Slay-2}
   (You found it on level 9 of the Dungeon)

   It affects your accuracy and damage with ranged weapons and melee attacks
   (-2).
   It affects your resistance to hostile enchantments.
Magical Staves
 y - an uncursed staff of poison
 H - an uncursed staff of air
Jewellery
 t - a ring of protection from fire (left hand)
 v - a +5 ring of strength (right hand)
 B - an uncursed ring of positive energy
 E - an uncursed ring of flight
Wands
 a - a wand of paralysis (7)
 j - a wand of flame (22)
 w - a wand of polymorph (4)
 D - a wand of iceblast (10)
 I - a wand of scattershot (5)
Scrolls
 h - 2 scrolls of amnesia {unknown}
 k - 9 scrolls of remove curse
 m - a scroll of immolation {unknown}
 p - 2 scrolls of random uselessness {unknown}
 u - 2 scrolls of enchant weapon {unknown}
 x - 2 scrolls of teleportation
 K - a scroll of blinking {unknown}
 L - a scroll of fear {unknown}
Potions
 d - 4 potions of lignification
 e - 2 potions of degeneration {unknown}
 f - 3 potions of curing
 g - 2 potions of haste
 n - a potion of ambrosia
 C - a potion of agility {unknown}
 F - a potion of heal wounds {unknown}
 G - 2 potions of might {unknown}
 J - 2 potions of cancellation {unknown}
 M - a potion of brilliance {unknown}
 N - a potion of magic {unknown}
 O - a potion of flight {unknown}
Comestibles
 c - 16 rations
 Q - 10 chunks of flesh


   Skills:
 - Level 4.5 Fighting
 * Level 9.8 Short Blades
 - Level 7.1 Dodging
 - Level 2.6 Stealth
 - Level 7.0 Spellcasting
 * Level 6.9 Conjurations
 - Level 4.4 Hexes
 + Level 1.9 Summonings
 - Level 6.0 Translocations


You had one spell level left.
You knew the following spells:

 Your Spells              Type           Power        Failure   Level  Hunger
a - Magic Dart            Conj           ####         1%          1    None
b - Searing Ray           Conj           #####.       1%          2    None
c - Dazzling Spray        Conj/Hex       ####..       1%          3    #......
d - Force Lance           Conj/Tloc      ####....     1%          4    ###....
e - Shock                 Conj/Air       ###.         1%          1    None
f - Apportation           Tloc           ####..       1%          1    None
g - Summon Small Mammal   Summ           ###.         4%          1    None
h - Static Discharge      Conj/Air       ###.....     1%          3    #......
i - Inner Flame           Hex/Fire       ###.....     3%          3    #......
j - Tukima's Dance        Hex            ####....     4%          3    #......

Your spell library contained the following spells:

 Spells                   Type           Power        Failure   Level  Hunger
 Confusing Touch          Hex            ####..       1%          1    None
 Corona                   Hex            ####...      1%          1    None
 Animate Skeleton         Necr           N/A          9%          1    None
 Iskenderun's Mystic Bla  Conj           #####...     1%          4    ###....
 Fulminant Prism          Conj/Hex       ####......   2%          4    ###....
 Confuse                  Hex            ####....     4%          3    #......
 Ensorcelled Hibernation  Hex/Ice        ###...       5%          2    None
 Recall                   Summ/Tloc      N/A          5%          3    #......
 Animate Dead             Necr           N/A          65%         4    ###....
 Borgnjor's Vile Clutch   Necr/Erth      #.........   94%         5    #####..
 Death Channel            Necr           #.........   100%        6    ######.
 Simulacrum               Ice/Necr       #.........   100%        6    ######.


Dungeon Overview and Level Annotations

Branches:
Dungeon (10/15)            Temple (0/1) D:5            Lair (0/6) D:8
Ossuary (visited)
    Orc: D:9-12

Altars:
Cheibriados
Fedhas
Gozag
Nemelex Xobeh
Ru
Sif Muna
Vehumet
Yredelemnul

Annotations:
D:4 3 runed translucent doors, Emblim88's ghost, novice CeHu


Message History

You feel as though you will be slow longer.
The orc warrior barely misses you. The hornet stings you.
* * * LOW HITPOINT WARNING * * *
You feel as though you will be slow longer.
You feel better. The hornet barely misses you.
The orc warrior hits you from afar with a +0 halberd.
* * * LOW HITPOINT WARNING * * *
The hornet stings you but does no damage.
The orc warrior hits you from afar with a +0 halberd!
* * * LOW HITPOINT WARNING * * *
Your surroundings suddenly seem different.
A killer bee comes into view.
The killer bee buzzes angrily.
A killer bee comes into view.
The killer bee buzzes angrily.
You hear a loud, deep croak!
The killer bee stings you but does no damage.
A bullfrog comes into view.
The killer bee misses you. The killer bee closely misses you.
The killer bee misses you. The killer bee stings you.
You die...

## ... ###########....
...............
.......y.......
......y@.......
.......y.......
.............F.
...............
##########+####
)..............#
.......... ....#
.........#+##..#########
.........#..#...........


You could see a bullfrog and 3 killer bees.

Vanquished Creatures
  A two-headed ogre (D:8)
  A troll (D:10)
  Grinder (D:4)
  2 hippogriffs (D:7)
  Sigmund (D:3)
  A spriggan (D:7)
  5 ice beasts
  2 orc warriors
  3 phantoms
  5 centaurs
  5 ogres
  2 big kobolds (D:7)
  3 elf zombies (Ossuary)
  4 bullfrogs
  2 scorpions
  7 wights
  2 howler monkeys
  5 crimson imps
  2 centaur zombies (Ossuary)
  A bullfrog skeleton (D:4)
  A human zombie (Ossuary)
  A centaur skeleton (D:7)
  A quasit (D:7)
  4 orc priests
  4 hounds
  13 orc wizards
  Jessica (D:2)
  3 iguanas
  Natasha (thrice) (D:2)
  2 worker ants
  A big kobold zombie (Ossuary)
  4 hound zombies (Ossuary)
  A hound skeleton (D:4)
  3 mummies (Ossuary)
  Robin (D:4)
  6 gnolls
  A howler monkey skeleton (D:7)
  6 adders
  6 adder zombies
  An adder skeleton (D:5)
  A worm (D:4)
  2 dart slugs
  4 leopard geckos
  27 orcs
  7 giant cockroaches
  2 gnoll zombies (Ossuary)
  21 goblins
  8 hobgoblins
  16 kobolds
  7 quokkas
  A ball python (D:1)
  5 bats
  9 frilled lizards
  5 goblin zombies (Ossuary)
  3 hobgoblin zombies (Ossuary)
  A jackal skeleton (D:4)
  2 jackal zombies (Ossuary)
  4 kobold zombies (Ossuary)
  A leopard gecko skeleton (D:8)
  4 quokka zombies (Ossuary)
  11 rats
  2 rat zombies (Ossuary)
  A plant (D:8)
262 creatures vanquished.

Vanquished Creatures (others)
  5 plants (D:8)
5 creatures vanquished.

Grand Total: 267 creatures vanquished

Notes
Turn   | Place    | Note
-------+----------+-------------------------------------------
     0 | D:1      | Kobolds4U the Deep Elf Conjurer began the quest for the
                  | Orb.
     0 | D:1      | Reached XP level 1. HP: 10/10 MP: 6/6
    62 | D:1      | Reached XP level 2. HP: 11/15 MP: 1/8
   186 | D:1      | Learned a level 2 spell: Searing Ray
   477 | D:1      | Reached XP level 3. HP: 19/19 MP: 10/10
   518 | D:1      | Learned a level 3 spell: Dazzling Spray
   915 | D:2      | Noticed Jessica
  1112 | D:2      | Killed Jessica
  1112 | D:2      | Reached skill level 5 in Spellcasting
  1253 | D:2      | Reached XP level 4. HP: 24/24 MP: 11/13
  1258 | D:2      | Noticed Natasha
  1270 | D:2      | Killed Natasha
  1270 | D:2      | Reached skill level 5 in Conjurations
  1270 | D:2      | Reached skill level 1 in Hexes
  1433 | D:2      | Noticed Natasha
  1438 | D:2      | Killed Natasha
  1462 | D:2      | Noticed Natasha
  1473 | D:2      | Killed Natasha
  1473 | D:2      | Reached XP level 5. HP: 24/28 MP: 0/14
  1489 | D:2      | Found a faded altar of an unknown god.
  1873 | D:3      | Reached skill level 1 in Fighting
  1879 | D:3      | Learned a level 4 spell: Force Lance
  1968 | D:3      | Found a shimmering blue altar of Sif Muna.
  2152 | D:3      | Found a radiant altar of Vehumet.
  2152 | D:3      | Found a snail-covered altar of Cheibriados.
  2153 | D:3      | Found a sacrificial altar of Ru.
  2153 | D:3      | Found a basalt altar of Yredelemnul.
  2189 | D:3      | Became a worshipper of Vehumet
  2271 | D:3      | Reached skill level 1 in Translocations
  2273 | D:3      | Found a sparkling altar of Nemelex Xobeh.
  2411 | D:3      | Noticed Sigmund
  2471 | D:3      | Killed Sigmund
  2471 | D:3      | Reached XP level 6. HP: 35/35 MP: 12/15
  2558 | D:3      | Found a blossoming altar of Fedhas.
  2844 | D:4      | Found a runed translucent gate.
  2844 | D:4      | Found a runed translucent gate.
  2844 | D:4      | Found a runed translucent gate.
  2849 | D:4      | Noticed Emblim88's ghost (novice CeHu)
  2888 | D:4      | Reached XP level 7. HP: 39/41 MP: 2/16
  3137 | D:4      | Noticed Robin
  3166 | D:3      | Reached * piety under Vehumet
  3166 | D:3      | Offered knowledge of Sandblast by Vehumet.
  3336 | D:4      | Killed Robin
  3561 | D:4      | Noticed Grinder
  3852 | D:4      | Killed Grinder
  4306 | D:5      | Entered Level 5 of the Dungeon
  4323 | D:5      | Reached XP level 8. HP: 41/48 MP: 13/17
  4405 | D:5      | Reached skill level 5 in Translocations
  5024 | D:5      | Found a staircase to the Ecumenical Temple.
  5197 | D:5      | Reached skill level 5 in Dodging
  5611 | D:6      | Reached skill level 1 in Short Blades
  5617 | D:6      | Reached skill level 2 in Short Blades
  6631 | D:6      | Reached skill level 3 in Short Blades
  6898 | D:7      | Reached skill level 4 in Short Blades
  7225 | D:6      | Reached XP level 9. HP: 27/52 MP: 12/18
  7509 | D:7      | Reached skill level 5 in Short Blades
  7902 | D:7      | Reached skill level 6 in Short Blades
  7911 | D:7      | Offered knowledge of Shock by Vehumet.
  7915 | D:7      | Learned a level 1 spell: Shock
  8429 | D:7      | Reached ** piety under Vehumet
  8492 | D:7      | Reached skill level 7 in Short Blades
  8653 | D:7      | Learned a level 1 spell: Apportation
  8655 | D:7      | Learned a level 1 spell: Summon Small Mammal
  9066 | D:7      | Reached skill level 8 in Short Blades
  9319 | D:8      | Noticed a two-headed ogre
  9340 | D:8      | Killed a two-headed ogre
  9340 | D:8      | Reached XP level 10. HP: 58/58 MP: 5/22
  9356 | D:8      | Found a sand-covered staircase.
  9448 | Ossuary  | Entered an ossuary
  9487 | Ossuary  | Offered knowledge of Static Discharge by Vehumet.
  9492 | Ossuary  | Learned a level 3 spell: Static Discharge
  9733 | Ossuary  | Reached *** piety under Vehumet
  9769 | Ossuary  | Reached skill level 9 in Short Blades
 10302 | D:8      | Found an opulent altar of Gozag.
 10725 | D:8      | Offered knowledge of Inner Flame by Vehumet.
 10730 | D:8      | Learned a level 3 spell: Inner Flame
 10885 | D:8      | Found a staircase to the Lair.
 11281 | D:8      | Learned a level 3 spell: Tukima's Dance
 11513 | D:9      | Reached skill level 1 in Summonings
 11819 | D:9      | Got a transparent leather armour
 11837 | D:9      | Identified the cursed +0 leather armour "Jirer" {MR++
                  | Slay-2} (You found it on level 9 of the Dungeon)
 11966 | D:10     | Entered Level 10 of the Dungeon
 12057 | D:10     | Slain by a killer bee

Levels and vault maps discovered:
D:1:      dpeg_arrival_ratfight, layout_loops_ring, minmay_tree_intersection,
          st_stairs_12
D:2:      layout_basic, chequers_ecumenical_altar_simple_redux, uniq_jessica,
          uniq_natasha
D:3:      layout_rooms, marbit_many_paths, nemelex_xobeh_ov_fountains_minmay,
          grunt_temple_overflow_open, first_ration, uniq_sigmund
D:4:      minmay_chambers_of_threes, layout_rooms, ebering_ghost_rock_garden,
          uniq_grinder, uniq_robin
D:5:      layout_cave_pods, minmay_temple_entry_grid
D:6:      layout_loops_corners
D:7:      layout_cave_pods, serial_column_ruins, column_ruins_hut_ruined,
          column_ruins_hut, column_ruins_open_medium, column_ruins_grid_1,
          column_ruins_grid_3, column_ruins_grid_2, the_bakery
D:8:      layout_basic, david_lair_shrubbed, chequers_ossuary_entry_cave,
          nicolae_gozag_cash_rules_everything_around_me
D:9:      layout_rooms
D:10:     layout_irregular_city, chequers_decorated_corner

Skill      XL: |  1  2  3  4  5  6  7  8  9 10 |
---------------+-------------------------------+-----
Spellcasting   | 4 5 6 7 |  7.0
Conjurations   | 5 6 |  6.9
Hexes          | 3 4 |  4.4
Fighting       | 2 3 4 |  4.5
Translocations | 2 3 4 5 6 |  6.0
Dodging        | 3 6 7 |  7.1
Short Blades   | 4 8 9 |  9.8
Summonings     | 1 |  1.9
Stealth        | |  2.6

Action                   |  1- 3 |  4- 6 |  7- 9 | 10-12 || total
-------------------------+-------+-------+-------+-------++-------
Melee: Dagger            |     1 |    34 |    48 |       ||    83
       Rapier            |       |       |   152 |   339 ||   491
Throw: Boomerang         |       |       |     1 |       ||     1
 Cast: Magic Dart        |    54 |    93 |   224 |    50 ||   421
       Searing Ray       |     1 |     9 |    24 |     4 ||    38
       Dazzling Spray    |       |     1 |    33 |    30 ||    64
       Force Lance       |       |       |     2 |     2 ||     4
       Shock             |       |       |       |    16 ||    16
       Tukima's Dance    |       |       |       |     3 ||     3
       Static Discharge  |       |       |       |     1 ||     1
Evoke: Wand              |       |     1 |       |       ||     1
  Use: Scroll            |       |     2 |     5 |     2 ||     9
       Potion            |       |       |       |     2 ||     2
 Stab: Sleeping          |     1 |     3 |     4 |     5 ||    13
       Paralysed         |       |     4 |       |       ||     4
       Invisible         |       |       |     4 |     8 ||    12
  Eat: Chunk             |     1 |     5 |    18 |     6 ||    30
       Ration            |       |       |     1 |     1 ||     2
Armor: Robe              |     5 |    10 |    85 |    95 ||   195
Dodge: Dodged            |    11 |    26 |   193 |   343 ||   573
